 Dungeon Crawl Stone Soup version 0.17.0-24-gcfadda4 (webtiles) character file.

224 oplop the Insei (level 6, -7/41 HPs)
             Began as an Octopode Transmuter on Nov 15, 2015.
             Killed by divine providence
             ... invoked by an orc priest
              (11 damage)
             ... on level 3 of the Dungeon.
             The game lasted 00:05:19 (2860 turns).

oplop the Insei (Octopode Transmuter)               Turns: 2860, Time: 00:05:20

Health: -7/41      AC:  1    Str: 12    XL:     6   Next: 0%
Magic:  3/10       EV: 12    Int: 20    God:
Gold:   87         SH:  0    Dex: 12    Spells: 3 memorised, 4 levels left

rFire  . . .     SeeInvis .       - Unarmed
rCold  . . .     Clarity  .     (no shield)
rNeg   . . .     SustAt   .     (helmet restricted)
rPois  .         Gourm    .     h - amulet of regeneration
rElec  .         Spirit   .     (no ring)
rCorr  .         Warding  .     (no ring)
rMut   .         Stasis   .     (no ring)
MR     .....                    (no ring)
Stlth  ++........               (no ring)
                                (no ring)
                                (no ring)
                                (no ring)

@: brilliant, very slightly contaminated, not resistant to hostile enchantments,
unstealthy
A: almost no armour, amphibious, 8 rings, constrict 8, camouflage 1, gelatinous
body 1
a: no special abilities


You were on level 3 of the Dungeon.
You were near starving.

You visited 1 branch of the dungeon, and saw 4 of its levels.

You collected 87 gold pieces.

Inventory:

Hand Weapons
 j - a +0 dagger of distortion
Missiles
 a - 72 arrows
 g - 21 poisoned needles
 k - 9 arrows of flame
Jewellery
 h - an amulet of regeneration (around mantle)
Wands
 i - a wand of teleportation (0)
Scrolls
 e - 2 scrolls of remove curse {unknown}
 n - a scroll of magic mapping {unknown}
 p - 2 scrolls of identify
 q - 4 scrolls of teleportation
Potions
 f - a potion of might
 m - a potion of brilliance
 s - a potion of ambrosia {unknown}
Books
 b - a book of Changes

   Spells                             Type                      Level
   a - Beastly Appendage              Transmutation                1
   b - Sticks to Snakes               Transmutation                2
   c - Spider Form                    Transmutation/Poison         3
   d - Ice Form                       Ice/Transmutation            4
   e - Blade Hands                    Transmutation                5
Comestibles
 c - 2 bread rations
 o - a meat ration
 t - a slice of pizza


   Skills:
 + Level 2.4 Fighting
 - Level 2.0 Dodging
 + Level 4.2 Unarmed Combat
 + Level 2.9 Spellcasting
 + Level 3.1 Transmutations
 + Level 2.5 Poison Magic


You had 4 spell levels left.
You knew the following spells:

 Your Spells              Type           Power        Failure   Level  Hunger
a - Beastly Appendage     Trmt           ####..       1%          1    None
b - Sticks to Snakes      Trmt           ####......   1%          2    ##.....
c - Spider Form           Trmt/Pois      ####......   1%          3    ###....


Dungeon Overview and Level Annotations

Branches:
Dungeon (4/15)
 Temple: D:4-7

Altars:
Fedhas
Gozag


Innate Abilities, Weirdness & Mutations

You cannot wear most types of armour.
You are amphibious.
You can wear up to eight rings at the same time.
You can use your tentacles to constrict eight enemies at once.
Your skin changes colour to match your surroundings (Stealth).
Your rubbery body absorbs attacks (AC +1).


Message History

As you read the scroll of fear, it crumbles to dust.
You assume a fearsome visage.
The orc looks frightened!
The orc looks frightened! x2
The orc tries to recover its lost courage.
Unknown command.
Unknown command.
Unknown command.
Unknown command.
The orc priest mumbles some strange prayers to Beogh against you.
Something smites you!
* * * LOW HITPOINT WARNING * * *
Drink which item? (? for menu, Esc to quit)
It was a potion of brilliance.
You feel clever all of a sudden.
Drink which item? (? for menu, Esc to quit)
It was a potion of cure mutation.
It has a very clean taste.
Your tentacle spike disappears.
The orc priest invokes the aid of Beogh against you.
Something smites you!
You die...

#...# #...#...# #...# #.#.#.#####
#######...# ####...#.....#
#....##...# #....<....##.#
#.##......# #.###.#.#.##.#
######.#.......# #.###......#.#
.......#.#.....#####.......####.#
.......).......................>#
.#.....#........@........########
.#...o.###.o(............#
.....oooo(..(...######.###
<......###.......)...##.##
[..)...# #........##[###.##
.......# #.......#.###.##.##
<......# #.......##.##..)..##
.......# #...#######.######.##
.......# ##### #.........#


You could see an orc priest.

Vanquished Creatures
  An orc priest (D:3)
  Robin (D:2)
  3 gnolls
  6 adders
  2 worms (D:2)
  6 giant geckos
  5 orcs (D:3)
  9 bats
  4 giant cockroaches
  12 goblins
  11 hobgoblins
  5 jackals
  8 kobolds
  A quokka (D:2)
  3 ball pythons
  2 giant newts
  7 rats
86 creatures vanquished.

Notes
Turn   | Place    | Note
--------------------------------------------------------------
     0 | D:1      | oplop the Octopode Transmuter began the quest for the Orb.
     0 | D:1      | Reached XP level 1. HP: 13/13 MP: 3/3
    42 | D:1      | Reached XP level 2. HP: 8/18 MP: 1/5
   305 | D:1      | Reached XP level 3. HP: 12/23 MP: 4/6
   708 | D:1      | Learned a level 2 spell: Sticks to Snakes
   712 | D:1      | Learned a level 3 spell: Spider Form
  1345 | D:2      | Reached XP level 4. HP: 13/29 MP: 7/7
  1650 | D:2      | Reached skill level 1 in Poison Magic
  1667 | D:2      | Noticed Robin
  1675 | D:2      | Killed Robin
  1940 | D:2      | Reached XP level 5. HP: 7/34 MP: 7/9
  2242 | D:2      | Found a blossoming altar of Fedhas.
  2242 | D:2      | Found an opulent altar of Gozag.
  2319 | D:3      | Reached skill level 4 in Unarmed Combat
  2847 | D:3      | Reached XP level 6. HP: 41/41 MP: 1/10
  2860 | D:3      | Killed from afar by an orc priest

Action                   |  1- 3 |  4- 6 || total
-------------------------+-------+-------++-------
Melee: Unarmed           |    71 |   108 ||   179
 Cast: Beastly Appendage |    18 |    17 ||    35
       Spider Form       |       |     2 ||     2
       Sticks to Snakes  |       |     2 ||     2
  Use: Scroll            |       |     7 ||     7
       Potion            |       |     4 ||     4
 Stab: Sleeping          |     3 |       ||     3
  Eat: Chunk             |     2 |     4 ||     6
